 Dungeon Crawl Stone Soup version 0.31.0-9-g3a7656b989 (webtiles) character file.

Game seed: 8255948204947550688

192 qw the Skirmisher (level 5, 0/29 HPs)
             Began as a Deep Elf Hunter on Feb 2, 2024.
             Slain by an orc warrior
             ... wielding a +0 hand axe
              (10 damage)
             ... on level 4 of the Dungeon.
             The game lasted 00:00:12 (2255 turns).

qw the Skirmisher (Deep Elf Hunter)                 Turns: 2255, Time: 00:00:12

Health: 0/29       AC: 14    Str: 11    XL:     5   Next: 42%
Magic:  7/7        EV:  9    Int: 14    God:
Gold:   105        SH:  0    Dex: 18    Spells: 4/4 levels left

rFire   + . .        a - +1 shortbow
rCold   + . .        (shield currently unavailable)
rNeg    . . .        m - +1 scale mail {rC+}
rPois   .            h - +2 helmet of the Game Afoot {rF+ Regen+ Str-5 Stlth+}
rElec   .            k - +0 cloak
rCorr   .            b - +1 pair of gloves
SInv    .            f - +0 pair of boots
Will    .....        (no amulet)
Stlth   ++           c - +6 ring of strength
HPRegen 1.04/turn    (no ring)
MPRegen 0.10/turn

%: no passive effects
@: no status effects
A: no striking features
a: no special abilities


You were on level 4 of the Dungeon.
You visited 1 branch of the dungeon, and saw 4 of its levels.

You collected 105 gold pieces.


   Skills:
 - Level 1.5 Fighting
 + Level 8.5 Ranged Weapons
 - Level 1.4 Armour
 - Level 2.4 Dodging
 - Level 1.2 Stealth


You had 4 spell levels left.
You didn't know any spells.
Your spell library was empty.

Inventory:

Hand Weapons
 a - a +1 shortbow (weapon)
Armour
 b - a +1 pair of gloves (worn)
 f - a +0 pair of boots (worn)
 h - the +2 helmet of the Game Afoot (worn) {rF+ Regen+ Str-5 Stlth+}
   (You took it off Robin on level 2 of the Dungeon)

   Str-5:     It affects your strength (-5).
   rF+:       It protects you from fire.
   Regen+:    It increases your rate of health regeneration.
   Stlth+:    It makes you more stealthy.
 k - a +0 cloak (worn)
 m - a +1 scale mail of cold resistance (worn)
Jewellery
 c - a +6 ring of strength (left hand)
Potions
 d - a potion of enlightenment
 g - a potion of heal wounds {unknown}
 l - a potion of curing
 n - a potion of degeneration {unknown}

Dungeon Overview and Level Annotations

Branches:
Dungeon (4/15)
 Temple: D:4-7

Altars:
Cheibriados
Qazlal


Message History

You shoot an arrow.
The arrow barely misses the orc warrior.
The arrow barely misses the bullfrog.
The arrow closely misses the wyvern.
The arrow hits the black bear but does no damage.
The orc warrior hits you but does no damage.
You shoot an arrow.
The arrow closely misses the orc warrior.
The arrow hits the bullfrog.
The bullfrog is lightly wounded.
The orc warrior hits you with a +0 hand axe.
An orc comes into view. It is wielding a +0 mace.
The orc warrior hits you with a +0 hand axe.
You shoot an arrow.
The arrow hits the orc warrior but does no damage.
The orc warrior is moderately wounded.
The orc warrior hits you with a +0 hand axe.
You shoot an arrow.
The arrow closely misses the orc warrior.
The arrow hits the black bear.
The black bear is lightly wounded.
The orc warrior closely misses you.
You shoot an arrow.
The arrow closely misses the orc warrior.
The arrow hits the black bear.
The black bear is lightly wounded.
The orc warrior barely misses you.
You shoot an arrow. The arrow hits the orc warrior.
The orc warrior is moderately wounded.
The orc warrior hits you but does no damage.
The orc warrior hits you with a +0 hand axe.
You shoot an arrow.
The arrow closely misses the orc warrior.
The arrow closely misses the black bear.
The arrow hits the wyvern but does no damage.
The orc warrior hits you with a +0 hand axe.
You shoot an arrow.
The arrow hits the orc warrior but does no damage.
The orc warrior is moderately wounded.
The orc warrior hits you with a +0 hand axe!
You die...

. .. #.#. #.#.#
#...# #.... #.<.
#.#.hF###########
#..kho@.<.(.....
...#.o####.########
#... #......... ###
##########


You could see an orc warrior, 2 black bears, a wyvern, a bullfrog and an orc.

Vanquished Creatures
  A centaur zombie (D:3)
  An iguana (D:4)
  A hound zombie (D:3)
  A hound skeleton (D:3)
  Robin (D:2)
  3 adder zombies (D:3)
  A dart slug (D:3)
  7 orcs (D:3)
  5 ball pythons
  2 endoplasms
  A giant cockroach (D:2)
  11 goblins
  15 hobgoblins
  A jackal (D:2)
  7 kobolds
  2 quokkas (D:1)
  4 ball python zombies (D:3)
  2 bats
  5 frilled lizards
  2 rats (D:3)
73 creatures vanquished.

Vanquished Creatures (collateral kills)
  A hobgoblin (D:1)
1 creature vanquished.

Grand Total: 74 creatures vanquished

Notes
Turn   | Place    | Note
-------+----------+-------------------------------------------
     0 | D:1      | qw the Deep Elf Hunter began the quest for the Orb.
     0 | D:1      | Reached XP level 1. HP: 12/12 MP: 3/3
     0 | D:1      | 0 ||| qw: Version: 0.3-a-155-g5e7d8dd
     0 | D:1      | 0 ||| qw: Game counter: 2267
     0 | D:1      | 0 ||| qw: Melee chars always use a shield: true
     0 | D:1      | 0 ||| qw: God list: Okawaru
     0 | D:1      | 0 ||| qw: Allow faded altars: false
     0 | D:1      | 0 ||| qw: Do Orc after clearing Dungeon:15 true
     0 | D:1      | 0 ||| qw: Do second Lair branch before Depths: true
     0 | D:1      | 0 ||| qw: Lair rune preference: random
     0 | D:1      | 0 ||| qw: Goals: Normal
     0 | D:1      | 0 ||| PLANNING D:1-11
    25 | D:1      | 25 ||| READING scroll labelled GYMOK FIASHRETE.
   194 | D:1      | 194 ||| READING scroll labelled ACHIQU BUATZIXZEOWN.
   308 | D:1      | Reached skill level 6 in Ranged Weapons
   308 | D:1      | Reached XP level 2. HP: 16/16 MP: 4/4
   386 | D:1      | 386 ||| READING scroll labelled VAYTOM XY WELUO.
   387 | D:1      | 387 ||| READING scroll labelled WUMIOR MAKI.
   387 | D:1      | 387 ||| ENCHANTING +0 shortbow.
   388 | D:1      | 388 ||| DROPPING scroll of butterflies.
   640 | D:1      | 640 ||| UPGRADING to +1 pair of gloves.
   711 | D:2      | You fall into a shaft and drop 1 floor!
   728 | D:3      | 728 ||| UPGRADING to +0 ring mail.
   738 | D:3      | 738 ||| DROPPING +0 leather armour.
   739 | D:3      | 739 ||| UPGRADING to +0 pair of boots.
   750 | D:3      | 750 ||| FLEEEEING.
   751 | D:3      | 751 ||| STAIRDANCE
   761 | D:2      | Identified the +2 helmet of the Game Afoot {rF+ Regen+
                  | Str-5 Stlth+}
   761 | D:2      | Noticed Robin
   781 | D:2      | Killed Robin
   782 | D:2      | Reached XP level 3. HP: 10/20 MP: 5/5
   792 | D:2      | Reached skill level 7 in Ranged Weapons
   816 | D:2      | 816 ||| FLEEEEING.
   819 | D:2      | 819 ||| FLEEEEING.
   820 | D:2      | 820 ||| FLEEEEING.
   821 | D:2      | 821 ||| FLEEEEING.
   822 | D:2      | 822 ||| FLEEEEING.
   823 | D:2      | 823 ||| FLEEEEING.
   824 | D:2      | 824 ||| FLEEEEING.
   825 | D:2      | 825 ||| FLEEEEING.
   826 | D:2      | 826 ||| FLEEEEING.
   828 | D:2      | 828 ||| FLEEEEING.
  1315 | D:2      | 1315 ||| UPGRADING to +2 helmet of the Game Afoot {rF+
                  | Regen+ Str-5 Stlth+}.
  1320 | D:2      | 1320 ||| DROPPING scarf of shadows.
  1321 | D:2      | 1321 ||| UPGRADING to +0 cloak.
  1326 | D:2      | 1326 ||| DROPPING amulet of magic regeneration.
  1327 | D:2      | 1327 ||| UPGRADING to +6 ring of strength.
  1328 | D:2      | 1328 ||| READING scroll labelled ESKUSHR GASEFOB.
  1329 | D:2      | 1329 ||| READING scroll labelled PIOWO ACORRI.
  1464 | D:3      | 1464 ||| STAIRDANCE
  1483 | D:3      | Reached skill level 1 in Armour
  1483 | D:3      | Reached XP level 4. HP: 25/25 MP: 6/6
  1655 | D:3      | Found a snail-covered altar of Cheibriados.
  1658 | D:3      | Found a stormy altar of Qazlal.
  1701 | D:3      | Reached XP level 5. HP: 29/29 MP: 7/7
  1720 | D:3      | Reached skill level 8 in Ranged Weapons
  2163 | D:3      | 2163 ||| UPGRADING to +1 scale mail of cold resistance.
  2173 | D:3      | 2173 ||| DROPPING +0 ring mail.
  2174 | D:3      | 2174 ||| READING scroll labelled TUDENO FECIDA.
  2175 | D:3      | 2175 ||| READING scroll labelled NIRGHU NEUFELI.
  2175 | D:3      | 2175 ||| IDENTIFYING green potion
  2176 | D:3      | 2176 ||| DRINKING 2 clear potions.
  2178 | D:3      | 2178 ||| Stepping ~*~*~tactically~*~*~ (cloud).
  2238 | D:4      | Noticed an orc warrior
  2242 | D:4      | 2242 ||| RETREEEEATING.
  2244 | D:4      | Noticed a black bear
  2245 | D:4      | Noticed a wyvern
  2246 | D:4      | Noticed a black bear
  2255 | D:4      | Slain by an orc warrior

Levels and vault maps discovered:
D:1:      ebering_hopf_link, layout_basic, serial_glass, glass_columns_b,
          glass_columns_b, glass_columns_b, glass_columns_b, glass_columns_a,
          glass_columns_a, glass_columns_a, glass_columns_b, glass_columns_b,
          glass_columns_a, hangedman_decor_opposing
D:2:      layout_loops_ring, grunt_ministairs_2, minmay_misc_feat_columns,
          minmay_pentomino_o4, uniq_robin
D:3:      corexii_shack_village, layout_loops_ring, nicolae_overflow_squiral,
          serial_undead, serial_undead_b, serial_undead_f, serial_undead_e,
          serial_undead_a, serial_undead_d, serial_undead_d, serial_undead_b,
          serial_undead_b
D:4:      layout_loops_ring, nicolae_gozag_seed_capital, lemuel_round_altar,
          minmay_temple_entry_glassed_door, chequers_serial_rivers_micro_e,
          minmay_manual_mess

Skill      XL: |  1  2  3  4  5 |
---------------+----------------+-----
Ranged Weapons | 6 7 8 |  8.5
Armour         | 1 |  1.4
Fighting       | |  1.5
Dodging        | |  2.4
Stealth        | |  1.2

Action                     |  1- 3 |  4- 6 || total
---------------------------+-------+-------++-------
   Fire: Shortbow          |    95 |   115 ||   210
    Use: Scroll            |     6 |     2 ||     8
         Potion            |       |     1 ||     1
 Armour: Leather armour    |     3 |       ||     3
         Ring mail         |    30 |    26 ||    56
         Scale mail        |       |    14 ||    14
  Dodge: Dodged            |    32 |    26 ||    58

Table legend:
 A = Non-vault XP
 B = Vault XP
 C = Vault XP percentage of total XP
 D = Non-vault monster count
 E = Vault monster count
 F = Vault count percentage of total count
                 A         B        C        D         E       F
            +---------+---------+-------+---------+---------+-------
      Total |      60 |     215 |  78.2 |      33 |      41 |  55.4
            +---------+---------+-------+---------+---------+-------
        D:1 |      21 |       0 |   0.0 |      12 |       0 |   0.0
        D:2 |       9 |      51 |  85.0 |       6 |      19 |  76.0
        D:3 |      30 |     129 |  81.1 |      15 |      21 |  58.3
        D:4 |       0 |      35 | 100.0 |       0 |       1 | 100.0
            +---------+---------+-------+---------+---------+-------
